 Dungeon Crawl Stone Soup version 0.22-a0-161-g198051c (webtiles) character file.

1766 wolfsongas the Spear-Bearer (level 8, -6/62 HPs)
             Began as a Demonspawn Wanderer on Feb 11, 2018.
             Was an Initiate of Gozag.
             Killed from afar by a gargoyle (18 damage)
             ... with a stone arrow
             ... on level 7 of the Dungeon.
             The game lasted 00:13:46 (6008 turns).

wolfsongas the Spear-Bearer (Demonspawn Wanderer)   Turns: 6008, Time: 00:13:47

Health: -6/62      AC: 12    Str: 16    XL:     8   Next: 80%
Magic:  8/8        EV: 10    Int: 17    God:    Gozag
Gold:   253        SH:  6    Dex: 13    Spells: 7/7 levels left

rFire    + . .     SeeInvis .   e - +0 trident
rCold    + . .     Gourm    .   c - +1 buckler
rNeg     . . .     Faith    .   h - +2 ring mail {MR+}
rPois    +         Spirit   .   (no helmet)
rElec    +         Reflect  .   u - +0 cloak
rCorr    +         Harm     .   (no gloves)
MR       +....                  t - +0 pair of boots
Stlth    +.........             (no amulet)
HPRegen  0.20/turn              a - ring of poison resistance
MPRegen  0.11/turn              f - +4 ring of slaying

@: brilliant, resistant, flying, hasted, very quick
A: talons 1, slimy green scales 2, powered by death 1
a: Potion Petition, Call Merchant, Bribe Branch, Renounce Religion


You were on level 7 of the Dungeon.
You worshipped Gozag.
Gozag was aware of your devotion.
You were not hungry.

You visited 2 branches of the dungeon, and saw 8 of its levels.

You collected 367 gold pieces.
You paid 114 gold pieces to Gozag.

Inventory:

Hand Weapons
 e - a +0 trident (weapon)
Armour
 c - a +1 buckler (worn)
 h - a +2 ring mail of magic resistance (worn)
 t - a +0 pair of boots (worn)
 u - a +0 cloak (worn)
Jewellery
 a - a ring of poison resistance (left hand)
 b - an uncursed ring of protection from fire
 f - a +4 ring of slaying (right hand)
 g - an uncursed ring of fire {unknown}
Scrolls
 j - 2 scrolls of teleportation
 k - a scroll of magic mapping
 s - a scroll of blinking
Potions
 i - 2 potions of cancellation
 l - a potion of curing
 n - a potion of magic
 o - a potion of haste
 r - a potion of invisibility
Comestibles
 d - 5 rations


   Skills:
 + Level 5.1 Fighting
   Level 1.0 Maces & Flails
 * Level 8.0 Polearms
 - Level 1.0 Throwing
 + Level 2.1 Armour
 - Level 1.0 Dodging
 - Level 1.0 Stealth
 + Level 4.9 Shields


You had 7 spell levels left.
You didn't know any spells.

Dungeon Overview and Level Annotations

Branches:
Dungeon (7/15)             Temple (1/1) D:6

Altars:
Ashenzari
Cheibriados
Dithmenos
Elyvilon
Fedhas
Gozag
Hepliaklqana
Kikubaaqudgha
Makhleb
Nemelex Xobeh
Qazlal
Ru
Trog
Uskayaw
Vehumet
Wu Jian
Xom
Yredelemnul
Zin
The Shining One


Innate Abilities, Weirdness & Mutations

You have sharp toenails.
You are mostly covered in slimy green scales. (AC +3)
You regenerate a little health from kills.


Message History

The gargoyle is moderately damaged.
The gargoyle hurls a stone arrow at you.
The stone arrow misses you.
Your ring mail prevents you from hitting the gargoyle.
The gargoyle is moderately damaged.
You hit the gargoyle.
The gargoyle is moderately damaged.
The gargoyle hits you with a mace!
* * * LOW HITPOINT WARNING * * *
You hit the gargoyle.
The gargoyle is heavily damaged.
The gargoyle hits you but does no damage.
You hit the gargoyle.
The gargoyle is heavily damaged.
You hit the gargoyle but do no damage.
The gargoyle is heavily damaged.
The gargoyle hurls a stone arrow at you.
The stone arrow hits you!
You die...
Your body crumbles into a pile of gold.

$ .....
.....
.....######
........#
.......#
#.....#
#..9..#
#..@..#
#.....# $
#.....#
#.....#
#.....#
####..# # ..
##.##.#...
####..#.#.#
#...........


You could see a gargoyle.

Vanquished Creatures
  Eustachio (D:6)
  A sky beast (D:5)
  A black bear (D:5)
  3 ogres
  3 centaurs
  2 scorpions
  A crimson imp (D:5)
  A quasit (D:5)
  3 hounds
  Crazy Yiuf (D:6)
  A bullfrog skeleton (D:5)
  2 centaur skeletons
  3 orc wizards
  Terence (D:3)
  2 iguanas
  3 worker ants (D:4)
  6 adders
  A howler monkey skeleton (D:4)
  An ooze (D:5)
  An adder zombie (D:6)
  An adder skeleton (D:4)
  A worm (D:2)
  A dart slug (D:2)
  A leopard gecko (D:5)
  8 orcs
  A ball python (D:4)
  4 giant cockroaches
  6 goblins
  5 hobgoblins
  3 jackals (D:3)
  6 kobolds
  A quokka (D:2)
  7 bats
  3 frilled lizards
  A quokka skeleton (D:4)
  4 rats
91 creatures vanquished.

Notes
Turn   | Place    | Note
-------+----------+-------------------------------------------
     0 | D:1      | wolfsongas the Demonspawn Wanderer began the quest for the Orb.
     0 | D:1      | wolfsongas set off with: a +2 spear, a +0 ring mail, a +0 buckler, a ration
     0 | D:1      | Reached XP level 1. HP: 16/16 MP: 1/1
    47 | D:1      | Reached skill level 2 in Polearms
   323 | D:1      | Gained mutation: You are partially covered in slimy green scales. (AC +2) [demonic ancestry]
   323 | D:1      | Reached XP level 2. HP: 22/22 MP: 2/2
   766 | D:2      | Reached skill level 3 in Polearms
   904 | D:2      | Gained mutation: You regenerate a little health from kills. [demonic ancestry]
   904 | D:2      | Reached XP level 3. HP: 25/27 MP: 3/3
  1630 | D:3      | Gained mutation: You are mostly covered in slimy green scales. (AC +3) [demonic ancestry]
  1630 | D:3      | Reached XP level 4. HP: 31/33 MP: 4/4
  1721 | D:3      | Noticed Terence
  1739 | D:3      | Killed Terence
  2282 | D:4      | Reached skill level 4 in Polearms
  2459 | D:4      | Gained mutation: You have sharp toenails. [demonic ancestry]
  2459 | D:4      | Reached XP level 5. HP: 36/38 MP: 5/5
  2603 | D:4      | Found a basalt altar of Yredelemnul.
  2603 | D:4      | Found a snail-covered altar of Cheibriados.
  2604 | D:4      | Found an ornate altar of the Wu Jian Council.
  2619 | D:4      | Found an ancient bone altar of Kikubaaqudgha.
  2660 | D:4      | Noticed a centaur
  2680 | D:4      | Killed a centaur
  2806 | D:4      | Reached XP level 6. HP: 38/44 MP: 6/6
  3151 | D:4      | Reached skill level 5 in Polearms
  3151 | D:4      | Reached XP level 7. HP: 22/51 MP: 7/7
  3536 | D:5      | Entered Level 5 of the Dungeon
  3551 | D:5      | Found a stormy altar of Qazlal.
  3996 | D:5      | Reached skill level 6 in Polearms
  4634 | D:5      | Reached XP level 8. HP: 55/60 MP: 8/8
  4825 | D:5      | Got a slimy mace
  4826 | D:5      | Identified the +9 mace of Mourning {venom, Int+2} (You found it on level 5 of the Dungeon)
  4895 | D:5      | Reached skill level 7 in Polearms
  5183 | D:6      | Found a runed door.
  5187 | D:6      | Noticed Crazy Yiuf
  5194 | D:6      | Killed Crazy Yiuf
  5371 | D:6      | Noticed Eustachio
  5389 | D:6      | Killed Eustachio
  5503 | D:6      | Found a snail-covered altar of Cheibriados.
  5587 | D:6      | Found a staircase to the Ecumenical Temple.
  5598 | Temple   | Entered the Ecumenical Temple
  5801 | Temple   | Became a worshipper of Gozag Ym Sagoz the Greedy
  5967 | D:7      | Reached skill level 5 in Fighting
  5967 | D:7      | Reached skill level 8 in Polearms
  5990 | D:7      | Noticed a gargoyle
  6008 | D:7      | Killed from afar by a gargoyle

Vault maps used:
D:1:      scummos_arrival_simple_crosswalls, minivault_24
D:2:      minmay_misc_feat_enclosed
D:3:      cheibrodos_old_hovel, uniq_terence
D:4:      nicolae_overflow_quartered_altars
D:5:      basic_altar, first_ration
D:6:      lemuel_doored_altar, lemuel_temple_firewalk_a, basic_altar,
          uniq_eustachio, uniq_crazy_yiuf_cottage, uniq_duvessa
D:7:      uniq_menkaure
Temple:   regret_index_temple_waves

Skill      XL: |  1  2  3  4  5  6  7  8 |
---------------+-------------------------+-----
Polearms       | 2 3 4 5 6 8 |  8.0
Shields        | 2 3 4 |  4.9
Fighting       | 3 5 |  5.1
Armour         | 2 |  2.1
Maces & Flails | |  1.0
Throwing       | |  1.0
Dodging        | |  1.0
Stealth        | |  1.0

Action                   |  1- 3 |  4- 6 |  7- 9 || total
-------------------------+-------+-------+-------++-------
Melee: Spear             |    92 |       |       ||    92
       Trident           |    30 |   132 |   200 ||   362
  Use: Scroll            |     6 |     4 |     5 ||    15
       Potion            |       |     3 |     6 ||     9
  Eat: Chunk             |     2 |     5 |     5 ||    12
       Ration            |       |       |     2 ||     2
Armor: Ring mail         |    30 |    53 |   102 ||   185
Dodge: Dodged            |    47 |    61 |    82 ||   190
Block: Buckler           |    13 |    34 |    43 ||    90

Table legend:
 A = Spawn XP
 B = Non-spawn XP
 C = Spawn XP percentage of total XP
 D = Spawn monster count
 E = Non-spawn monster count
 F = Spawn count percentage of total count
 G = Total turns spent on level
                    A         B        C        D         E        F      G
               +---------+---------+-------+---------+---------+-------+---------
         Total |       0 |    2524 |   0.0 |       0 |      91 |   0.0 |  6008
               +---------+---------+-------+---------+---------+-------+---------
           D:1 |       0 |      20 |   0.0 |       0 |      13 |   0.0 |   731
           D:2 |       0 |      63 |   0.0 |       0 |      14 |   0.0 |   726
           D:3 |       0 |      64 |   0.0 |       0 |      16 |   0.0 |   811
           D:4 |       0 |     604 |   0.0 |       0 |      17 |   0.0 |  1268
           D:5 |       0 |     945 |   0.0 |       0 |      21 |   0.0 |  1519
           D:6 |       0 |     449 |   0.0 |       0 |       9 |   0.0 |   636
           D:7 |       0 |     379 |   0.0 |       0 |       1 |   0.0 |    51
               +---------+---------+-------+---------+---------+-------+---------
